 Dungeon Crawl Stone Soup version 0.27-a0-1180-g7fc4abc71e (webtiles) character file.

Game seed: 16553155123424966515

429 DasRunzen the Ducker (level 6, -2/51 HPs)
             Began as a Demigod Gladiator on May 17, 2021.
             Slain by a scorpion (4 damage)
             ... on level 4 of the Dungeon.
             The game lasted 00:05:36 (4389 turns).

DasRunzen the Ducker (Demigod Gladiator)            Turns: 4389, Time: 00:05:37

Health: -2/51      AC:  5    Str: 15    XL:     6   Next: 38%
Magic:  8/8        EV: 13    Int: 18    God:
Gold:   90         SH:  0    Dex: 15    Spells: 5/5 levels left

rFire    . . .     SeeInvis .   a - +0 long sword
rCold    . . .     Faith    .   (no shield)
rNeg     . . .     Spirit   .   b - +0 leather armour
rPois    .         Reflect  .   c - +0 helmet
rElec    .         Harm     .   (no cloak)
rCorr    .         Rampage  .   i - +0 pair of gloves
Will     .....                  (no boots)
Stlth    +.........             (no amulet)
HPRegen  0.17/turn              (no ring)
MPRegen  0.11/turn              (no ring)

@: lethally poisoned (-2 -> -15)
A: high mp 1, forlorn
a: no special abilities


You were on level 4 of the Dungeon.
You visited 1 branch of the dungeon, and saw 4 of its levels.

You collected 90 gold pieces.

Inventory:

Hand Weapons
 a - a +0 long sword (weapon)
Missiles
 d - 3 throwing nets (quivered)
Armour
 b - a +0 leather armour (worn)
 c - a +0 helmet (worn)
 i - a +0 pair of gloves (worn)
Wands
 f - a wand of flame (6)
 j - a wand of iceblast (7)
Scrolls
 e - a scroll of holy word
 h - 4 scrolls of identify


   Skills:
 + Level 3.5 Fighting
 + Level 4.1 Long Blades
 - Level 1.7 Throwing
 + Level 2.9 Armour
 + Level 4.1 Dodging


You had 5 spell levels left.
You didn't know any spells.
Your spell library was empty.

Dungeon Overview and Level Annotations

Branches:
Dungeon (4/15)
 Temple: D:4-7


Innate Abilities, Weirdness & Mutations

Your attributes grow dramatically as you level up.
You have an increased reservoir of magic. (+10% MP)
You shall have no god before yourself.


Message History

A goblin comes into view. It is wielding a +0 club.
The goblin shouts!
The scorpion stings you.
You are poisoned.
The scorpion poisons you!
You feel very sick.
The ball python bites you but does no damage.
The ball python barely misses you.
You feel very sick.
You feel sick.
You feel sick. The scorpion stings you.
You feel sick. The scorpion closely misses you.
You feel sick. The ball python barely misses you.
You riposte.
You slash the ball python!
You kill the ball python!
You feel sick. The goblin hits you but does no damage.
You feel sick.
You feel sick.
You are no longer poisoned.
The scorpion stings you.
You are poisoned.
The scorpion poisons you!
You feel very sick.
You feel sick.
You feel sick.
You feel sick.
You feel sick. The scorpion barely misses you.
You riposte.
You hit the scorpion but do no damage. You hit the scorpion.
The scorpion is lightly wounded.
You feel sick. The scorpion stings you!
* * * LOW HITPOINT WARNING * * *
You are lethally poisoned!
The scorpion poisons you!
You completely miss the scorpion.
The scorpion is lightly wounded.
* * * LOW HITPOINT WARNING * * *
You feel very sick. The scorpion stings you.
You die...

.........###<..#
.......###
##..## .....###
#...# ...##
##..# ## #..##
##..# #.g# ##s#
#@## #..###
##....##
#......##
##.......##.
#...........
##..........##
#............##
##
#.............#
##.


You could see a scorpion and a goblin.

Vanquished Creatures
  A black bear (D:3)
  2 orc priests
  Ijyb (D:3)
  Natasha (thrice) (D:2)
  An orc wizard (D:3)
  4 gnolls (D:2)
  3 adders
  2 worms (D:3)
  2 dart slugs
  2 orcs
  7 ball pythons
  3 bats
  10 endoplasms
  6 giant cockroaches
  4 goblins
  A hobgoblin (D:1)
  6 jackals
  10 kobolds
  5 quokkas
  2 frilled lizards
  5 rats
80 creatures vanquished.

Notes
Turn   | Place    | Note
-------+----------+-------------------------------------------
     0 | D:1      | DasRunzen the Demigod Gladiator began the quest for the
                  | Orb.
     0 | D:1      | Reached XP level 1. HP: 17/17 MP: 3/3
   470 | D:1      | Reached XP level 2. HP: 24/24 MP: 4/4
   609 | D:1      | You fall into a shaft and drop 1 floor!
   699 | D:2      | Reached skill level 1 in Armour
  1021 | D:2      | Reached XP level 3. HP: 29/29 MP: 5/5
  1033 | D:2      | Noticed Natasha
  1041 | D:2      | Killed Natasha
  1157 | D:2      | Noticed Natasha
  1164 | D:2      | Killed Natasha
  1165 | D:2      | Reached XP level 4. HP: 33/37 MP: 6/6
  1860 | D:2      | Noticed Natasha
  1866 | D:2      | Killed Natasha
  2131 | D:1      | Reached XP level 5. HP: 44/44 MP: 7/7
  2704 | D:3      | Noticed Ijyb
  2729 | D:3      | Killed Ijyb
  2956 | D:3      | Noticed a black bear
  2959 | D:3      | Killed a black bear
  3659 | D:3      | Reached XP level 6. HP: 49/51 MP: 8/8
  4389 | D:4      | HP: 2/51 [poisoned by a scorpion]
  4389 | D:4      | Slain by a scorpion

Illustrated notes

Levels and vault maps discovered:
D:1:      lemuel_arrival_hallway, layout_basic, chequers_ecumenical_altar_simple
D:2:      layout_basic, uniq_natasha
D:3:      layout_basic, uniq_ijyb
D:4:      layout_cave_pods

Skill      XL: |  1  2  3  4  5  6 |
---------------+-------------------+-----
Fighting       | 2 3 |  3.5
Long Blades    | 3 4 |  4.1
Dodging        | 3 4 |  4.1
Armour         | 1 2 |  2.9
Throwing       | |  1.7

Action                   |  1- 3 |  4- 6 || total
-------------------------+-------+-------++-------
Melee: Long sword        |    65 |   171 ||   236
Evoke: Wand              |       |     3 ||     3
  Use: Scroll            |       |     7 ||     7
       Potion            |       |     1 ||     1
 Stab: Sleeping          |     1 |       ||     1
Armor: Leather armour    |    22 |    58 ||    80
Dodge: Dodged            |    49 |   115 ||   164
       Rpst.: Long sword |    19 |    36 ||    55

Table legend: (Time is in decaauts)
 A = Elapsed time spent in this place.
 B = Non-inter-level travel time spent in this place.
 C = Inter-level travel time spent in this place.
 D = Time resting spent in this place.
 E = Time spent auto-exploring this place.
 F = Levels seen in this place.
 G = Mean time per level.
                   A        B        C        D        E       F      G
               +--------+--------+--------+--------+--------+-----+--------+
         Total |   4469 |   4387 |     82 |   1354 |   2404 |   4 | 1117.2 |
       Dungeon |   4469 |   4387 |     82 |   1354 |   2404 |   4 | 1117.2 |
               +--------+--------+--------+--------+--------+-----+--------+

Top non-repeatable levels by time:
     D:2: 1813 daAuts
     D:3: 1414 daAuts
     D:1: 1105 daAuts
     D:4: 135 daAuts
